Workbook
Name Print_Area_0: A!$A$1:$H$45
Name Print_Area_0: B!$A$1:$H$201
Name Print_Titles_0: A!$1:$4
Name Print_Titles_0: B!$1:$2

Sheet A
A1: =B!A1 -> Empresa & Empresa, Lda
A2: Quadros de Apoio 2017
A4: Pagamentos Especiais por conta (CIRC 93)
A6: Ano | C6: Valores
A7: Do pagamento | B7: Limite do uso | C7: Do pagamento | D7: Deduzido até 2016 | E7: Disponíveis em 2017 | F7: Deduzir em 2017 | G7: Expira em 1/Jan/2018 | H7: Remanescente
A8: 2013 | B8: 2017 | C8: 0 | D8: 0 | E8: =C8-D8 -> 0 | F8: =IF(E8<F15,E8,F15) -> 0 | G8: =C8-D8-F8 -> 0
A9: 2014 | B9: 2020 | C9: 0 | D9: 0 | E9: =C9-D9 -> 0 | F9: =IF((E9+E8-F8)<(F15-F8),(E9+E8-F8),(F15-F8)) -> 0 | H9: =C9-D9-F9-G9 -> 0
A10: 2015 | B10: 2021 | C10: 0 | D10: 0 | E10: =C10-D10 -> 0 | F10: =IF((E9+E8+E10-F9-F8)<(F15-F8-F9),(E9+E8+E10-F8-F9),(F15-F8-F9)) -> 0 | H10: =C10-D10-F10-G10 -> 0
A11: 2016 | B11: 2022 | C11: 0 | D11: 0 | E11: =C11-D11 -> 0 | F11: =IF((E9+E8+E10+E11-F9-F8-F10)<(F15-F8-F9-F10),(E9+E8+E10+E11-F8-F9-F10),(F15-F8-F9-F10)) -> 0 | H11: =C11-D11-F11-G11 -> 0
A12: 2017 | B12: 2023 | C12: 0 | D12: 0 | E12: =C12-D12 -> 0 | F12: =IF((E9+E8+E10+E11+E12-F9-F8-F10-F11)<(F15-F8-F9-F10-F11),(E9+E8+E10+E11+E12-F8-F9-F10-F11),(F15-F8-F9-F10-F11)) -> 0 | H12: =C12-D12-F12-G12 -> 0
B13: Totais: | C13: =SUM(C8:C12) -> 0 | D13: =SUM(D8:D12) -> 0 | E13: =SUM(E8:E12) -> 0 | F13: =SUM(F8:F12) -> 0 | G13: =SUM(G8:G12) -> 0 | H13: =SUM(H8:H12) -> 0
E15: Limites à utilização do PEC: | F15: =B!F92-B!F94-B!F95-B!F100 -> 0
A17: Prejuízos Fiscais Disponíveis (CIRC 52)
A19: Ano | C19: Valores
A20: Do prejuízo | B20: Limite da dedução | C20: Prejuízo | D20: Deduzido até 2016 | E20: Disponíveis em 2017 | F20: Deduzir em 2017 | G20: Expira em 1/Jan/2018 | H20: Remanescente
A21: 2012 | B21: 2017 | C21: 0 | D21: 0 | E21: =C21-D21 -> 0 | F21: =IF(E21<B!F70,E21,B!F70) -> 0 | G21: =C21-D21+F21 -> 0
A22: 2013 | B22: 2018 | C22: 0 | D22: 0 | E22: =C22-D22 -> 0 | F22: =IF(E22<B!F70-F21,E22,B!F70-F21) -> 0 | H22: =C22-D22-F22-G22 -> 0
A23: 2014 | B23: 2026 | C23: 0 | D23: 0 | E23: =C23-D23 -> 0 | F23: =IF(E23<B!F70-F21-F22,E23,B!F70-F21-F22) -> 0 | H23: =C23-D23-F23-G23 -> 0
A24: 2015 | B24: 2027 | C24: 0 | D24: 0 | E24: =C24-D24 -> 0 | F24: =IF(E24<B!F70-F21-F22-F23,E24,B!F70-F21-F22-F23) -> 0 | H24: =C24-D24-F24-G24 -> 0
A25: 2016 | B25: 2028 | C25: 0 | E25: =C25 -> 0 | F25: =IF(E25<B!F70-F21-F22-F23-F24,E25,B!F70-F21-F22-F23-F24) -> 0 | H25: =C25-D25-F25-G25 -> 0
A26: 2017 | B26: 2022 (não PME) | C26: =B!F61 -> 0 | H26: =C26-D26-F26-G26 -> 0
B27: 2029 (PME)
B28: Totais: | C28: =SUM(C21:C27) -> 0 | D28: =SUM(D21:D27) -> 0 | E28: =SUM(E21:E27) -> 0 | F28: =SUM(F21:F27) -> 0 | G28: =SUM(G21:G27) -> 0 | H28: =SUM(H22:H27) -> 0
A32: Este quadro no ano de 2016 está errado nos clientes em que foram usadas as primeiras versões. O orçamento de 2016 tinha uma cáusula que “diferia” a entrada em vigor da alteração para 2017, mas a existência dessa cláusula só foi detectada depois de muitos dos mapas já estarem preenchidos. Assim sendo o limite da dedução de 2016 é 2028 sem depender do estatuto PME
A34: Mais-Valias disponíveis para reinvestimento (CIRC 48)
A36: Ano | C36: Valores
A37: Da mais-valia | B37: Dedução | C37: Mais-Valias | D37: Realização | E37: Reinvestimento até 31/12/2016 | F37: Reinvestimento no exercício | G37: Mais-valia a expirar | H37: Investimento Remanescente
A38: 2015 | B38: 2014-2017 | C38: 0 | D38: 0.001 | E38: 0 | F38: 0 | G38: =((D38-E38-F38)/D38)*C38 -> 0
A39: 2016 | B39: 2015-2018 | C39: 0 | D39: 0 | E39: 0 | F39: 0 | H39: =D39-E39-F39 -> 0
A40: 2017 | B40: 2016-2019 | C40: 0 | D40: 0 | E40: 0 | F40: 0 | H40: =D40-E40-F40 -> 0
B41: Totais: | C41: =SUM(C38:C40) -> 0 | D41: =SUM(D38:D40) -> 0.001 | E41: =SUM(E38:E40) -> 0 | F41: =SUM(F38:F40) -> 0 | G41: =SUM(G38:G40) -> 0 | H41: =SUM(H38:H40) -> 0
F42: Mais-valia Majorada (15%) | G42: =G41*1.15 -> 0
A44: DLRR (capítulo IV do Código Fiscal Investimento)
A46: Dedução à colecta IRC | C46: Investimento feito | E46: Valor do benefício | F46: Excedente | H46: IRC a acrescer à colecta
A47: Ano | B47: Valor | C47: 2016 | D47: 2017 | F47: Expira em 2017 | G47: Transita para 2018
B48: A | C48: B | D48: C | E48: D=B+Cx10% | F48: E=D | G48: F=D | H48: G=Ex115%
A49: 2015 | B49: 0 | C49: 0 | D49: 0 | E49: =IF((C49+D49)*0.1>B49,B49,(C49+D49)*0.1) -> 0 | F49: =B49-E49 -> 0 | H49: =F49*1.15 -> 0
A50: 2016 | B50: 0 | D50: 0 | E50: =IF((C50+D50)*0.1>B50,B50,(C50+D50)*0.1) -> 0 | G50: =B50-E50 -> 0
A51: 2017 | B51: =B!E97 -> 0 | E51: =IF((C51+D51)*0.1>B51,B51,(C51+D51)*0.1) -> 0 | G51: =B51-E51 -> 0
B52: =SUM(B49:B51) -> 0 | C52: =SUM(C49:C51) -> 0 | D52: =SUM(D49:D51) -> 0 | E52: =SUM(E49:E51) -> 0 | F52: =SUM(F49:F51) -> 0 | G52: =SUM(G49:G51) -> 0 | H52: =SUM(H49:H51) -> 0
A54: Remuneração Convencional do capital social (EBF 41A)
A56: Aumento de capital por por conversão de suprimentos: | D56: 0
A57: Aumento de capital em dinheiro: | D57: 0
C58: Total: | D58: =SUM(D56:D57) -> 0
C59: Aplicação do limite: | D59: =IF(D58<2000000,D58,2000000) -> 0
C60: 0.07 | D60: =D58*0.07 -> 0
A62: Ano | B62: Aumentos de Capital elegível do ano | C62: Montante quadro 7 do modelo 22 por ano
C63: 2017 | D63: 2018 | E63: 2019 | F63: 2020 | G63: 2021 | H63: 2022
A64: 2012 | C64: 0
A65: 2013 | C65: 0 | D65: =C65 -> 0
A66: 2014 | C66: 0 | D66: =C66 -> 0 | E66: =D66 -> 0
A67: 2015 | C67: 0 | D67: =C67 -> 0 | E67: =D67 -> 0 | F67: =E67 -> 0
A68: 2016 | C68: 0 | D68: =C68 -> 0 | E68: =D68 -> 0 | F68: =E68 -> 0 | G68: =F68 -> 0
A69: 2017 | B69: =B6260 -> 0 | C69: =B69/6 -> 0 | D69: =C69 -> 0 | E69: =D69 -> 0 | F69: =E69 -> 0 | G69: =F69 -> 0 | H69: =G69 -> 0
A70: Totais: | C70: =SUM(C64:C69) -> 0 | D70: =SUM(D64:D69) -> 0 | E70: =SUM(E64:E69) -> 0 | F70: =SUM(F64:F69) -> 0 | G70: =SUM(G64:G69) -> 0 | H70: =SUM(H64:H69) -> 0
A72: Reduções de capital com restituições | D72: 0
A73: Benefício auferido 2012 | D73: 0
A74: Benefício auferido 2013 | D74: 0
A75: Benefício auferido 2014 | D75: 0
A76: Benefício auferido 2015 | D76: 0
A77: Benefício auferido 2016 | D77: 0
A78: Benefício auferido 2017 | D78: 0
C79: Total do benefício sujeito: | D79: =SUM(D73:D78) -> 0
C80: Penalização (15%): | D80: =D79*0.15 -> 0
C81: Rendimento do exercício: | D81: =D79+D80 -> 0
A83: O uso deste benefício altera o limite da dedução dos gastos de financiamento se maior que 1.000.000,00
A85: Tributações Autónomas (CIRC 88)
D87: Viaturas Até 25.000,00€ | E87: Viaturas entre 25.000,00 e 35.000,00€ | F87: Viaturas de Valor superior a 35.000,00€
A88: 62421 | B88: Gasóleos | D88: 0 | E88: 0 | F88: 0
A89: 62422 | B89: Gasolina | D89: 0 | E89: 0 | F89: 0
A90: 62423 | B90: Gás | D90: 0 | E90: 0 | F90: 0
A91: 6251 | B91: Deslocações e estadas | D91: 0 | E91: 0 | F91: 0
A92: 62613 | B92: Rendas e Alugueres | D92: 0 | E92: 0 | F92: 0
A93: 62614 | B93: ALD e locações | D93: 0 | E93: 0 | F93: 0
A94: 62634 | B94: Seguros | D94: 0 | E94: 0 | F94: 0
A95: 622644 | B95: Conservação e reparação | D95: 0 | E95: 0 | F95: 0
A96: 64242 | B96: Depreciações | D96: 0 | E96: 0 | F96: 0
A97: 69173 | B97: Juros | D97: 0 | E97: 0 | F97: 0
A98: 62272 | B98: Serviços Bancários | D98: 0 | E98: 0 | F98: 0
A99: 681242 | B99: Imposto Único de Circulação | D99: 0 | E99: 0 | F99: 0
C100: Total: | D100: =SUM(D88:D99) -> 0 | E100: =SUM(E88:E99) -> 0 | F100: =SUM(F88:F99) -> 0
C101: Taxa: | D101: =IF(B!F59<0,0.2,0.1) -> 0.1 | E101: =IF(B!F59<0,0.375,0.275) -> 0.275 | F101: =IF(B!F59<0,0.45,0.35) -> 0.35
D102: =D100*D101 -> 0 | E102: =E100*E101 -> 0 | F102: =F100*F101 -> 0 | G102: =SUM(D102:F102) -> 0
B105: Outras tributações Autónomas
B106: 62662 | C106: Despesas de Representação | E106: 0
D107: Subtotal: | E107: =E106 -> 0 | F107: =IF(B!F59<0,0.2,0.1) -> 0.1 | G107: =E107*F107 -> 0
B108: 62513 | C108: Quilómetros (deslocações e estadas) | E108: 0
B109: 63109 | C109: Gerência - Ajudas de Custo | E109: 0
B110: 63209 | C110: Pessoal - Ajudas de Custo | E110: 0
D111: Subtotal: | E111: =SUM(E108:E110) -> 0 | F111: =IF(B!F59<0,0.15,0.05) -> 0.05 | G111: =E111*F111 -> 0
B112: 6341 | C112: Indeminização não cumprimento objectivos | E112: 0
B113: 6341 | C113: Excesso de Indeminização a gestores | E113: 0
C114: Excesso remunerações variáveis a gestores | E114: 0
D115: Subtotal: | E115: =SUM(E112:E114) -> 0 | F115: =IF(B!F59<0,0.45,0.35) -> 0.35 | G115: =E115*F115 -> 0
F117: Tributações autónomas: | G117: =SUM(G102:G115) -> 0

Sheet B
A1: Empresa & Empresa, Lda
A2: M22 Mapa de Apuramento de IRC 2017
A4: Quadro 07 - Apuramento do resultado tributável
A6: Rúbrica | E6: Parcelas | F6: Totais | H6: Campo
A7: Resultado antes de imposto | E7: 0
A8: Acerto impostos diferidos | E8: 0
D9: Inicio dos cálculos | E9: =SUM(E7:E8) -> 0 | F9: =E9 -> 0
A11: Variações patrimoniais positivas | E11: 0 | H11: 702
A12: Variações patrimoniais negativas | E12: 0 | H12: 704
D13: Variações patrimoniais: | E13: =E11-E12 -> 0 | F13: =E13 -> 0 | H13: 708
A15: Imputação matéria colectável de ACE, AEIE e transparência | E15: 0 | H15: 709
A16: Correcções Exercícios Anteriores | E16: 0 | H16: 710
A17: Anulação do MEP e da consolidação proporcional | E17: 0 | H17: 712
A18: Ajustamentos do justo Valor | E18: 0 | H18: 713
A19: Encargos não devidamente documentados | E19: 0 | H19: 716
A20: Depreciações e amortizações não aceites | E20: 0 | H20: 719
A21: Impostos diferidos | E21: 0 | H21: 725
A22: Multas, penalidades, juros compensatórios | E22: 0 | H22: 728
A23: Aluguer de viatura sem condutor | E23: 0 | H23: 732
A24: Menos-valias contabilísticas | E24: 0 | H24: 736
A25: Mais-valias fiscais sem intenção de reinvestimento | E25: 0 | H25: 739
A26: 50% de Mais-valias fiscais com intenção reinvestimento | E26: 0 | H26: 740
A27: Mais-valias para reinvestir não reinvestidas | E27: =A!G42 -> 0 | H27: 741
A28: Excesso Gastos Financiamento | E28: 0 | H28: 748
A29: Regimes das fusões, cisões, entrada de activos e permuta de partes sociais | E29: 0 | H29: 750
E30: 0 | H30: 751
E31: 0
E32: 0
A33: Outros
B34: Incumprimento Remuneração convencional do capital social | D34: =A!D59 -> 0
B35: Donativos não previstos ou além dos limites legais | D35: 0
B36: Insuficiência da estimativa para impostos | D36: 0
B37: Outros | D37: 0
B38: Outros | D38: 0
D39: =SUM(D34:D38) -> 0 | E39: =D39 -> 0 | H39: 752
D41: Acréscimos à matéria colectável: | E41: =SUM(E15:E40) -> 0 | F41: =E41 -> 0 | H41: 753
A43: Prejuízo imputado por ACE, AEIE e transparência | E43: 0 | H43: 755
A44: Correcções de períodos anteriores | E44: 0 | H44: 756
A45: Excesso de estimativa para imposto | E45: 0 | H45: 765
A46: Impostos diferidos | E46: 0 | H46: 766
A47: Mais-valias contabilísticas | E47: 0 | H47: 767
A48: Menos-valias fiscais | E48: 0 | H48: 769
A49: Benefícios fiscais
B50: Quotas associações empresariais (majoração 50% CIRC 44) | D50: 0
B51: Remuneração convencional do capital | D51: =A!C70 -> 0
D52: 0
D53: =SUM(D50:D52) -> 0 | E53: =D53 -> 0 | H53: 774
D57: Deduções à matéria colectável: | E57: =SUM(E43:E56) -> 0 | F57: =E57 -> 0 | H57: 776
E59: Resultado Fiscal: | F59: =F9+F13+F41-F57 -> 0
E61: Prejuízo para efeitos fiscais: | F61: =IF(F59<0,-F59,0) -> 0 | H61: 777
E62: Lucro Tributável: | F62: =IF(F59>0,F59,0) -> 0 | H62: 778
A64: Quadro 09 - Apuramento da matéria colectável
E66: Lucro Tributável: | F66: =F62 -> 0
E67: Resultado Fiscal Isento: | F67: 0 | H67: 324
E68: Resultado Fiscal não Isento: | F68: =F66-F67 -> 0 | H68: 302
E69: Limite da dedução dos prejuízos (percentagem): | F69: 0.7
E70: Limite da dedução dos prejuízos (valor): | F70: =F68*F69 -> 0
E71: Valor dos prejuízoz disponíveis: | F71: =A!E28 -> 0 | H71: 303
E72: Valores de prejuízos a usar: | F72: =A!F28 -> 0 | H72: 309
E74: Resultado Fiscal não Isento: | F74: =F68 -> 0
E75: Valor utilizado de prejuízos fiscais: | F75: =F72 -> 0
E76: Matéria Colectável: | F76: =F74-F75 -> 0 | H76: 346
A78: Quadro 10 - Cálculo do Imposto
A80: Imposto à taxa reduzida | D80: =IF(F76<0,0,IF(F76>15000,15000,F76)) -> 0 | E80: 0.17 | F80: =ROUNDUP(D80*E80,2) -> 0 | H80: 347A
A81: Imposto à taxa normal | D81: =IF(F76-D80<0.001,0,F76-D80) -> 0 | E81: 0.21 | F81: =ROUNDUP(D81*E81,2) -> 0 | H81: 347B
A82: Imposto a outras taxas | F82: 0 | H82: 349
A83: Imposto imputável aos Açores | F83: 0 | H83: 350
A84: Imposto imputável à Madeira | F84: 0 | H84: 370
E85: Colecta: | F85: =SUM(F80:G84) -> 0 | H85: 351
A86: Derrama Estatal
A87: Parcela até 1.500.000,00€ | C87: =IF(F76<1500000,F76,1500000) -> 0 | D87: 0
A88: Parcela entre 1.500.000,00 e 7.500.000,00€ | C88: =IF(F76-C87<1,0,IF(F76-C87>7500000,6000000,F76-C87)) -> 0 | D88: 0.03 | E88: =C88*D88 -> 0
A89: Parcela entre 7.500.000,00 e 35.000.000,00€ | C89: =IF(F76-C87-C88<0.01,0,IF(F76-C87-C88<27500000,F76-C87-C88,27500000)) -> 0 | D89: 0.05 | E89: =C89*D89 -> 0
A90: Parcela acima de 35.000.000,00€ | C90: =IF(F76-C87-C88-C89<0.01,0,F76-C87-C88-C89) -> 0 | D90: 0.07 | E90: =C90*D90 -> 0
E91: =SUM(E87:E90) -> 0 | F91: =E91 -> 0 | H91: 373
E92: Colecta Total: | F92: =SUM(F85:F91) -> 0 | H92: 378
A94: Dupla Tributação Jurídica Internacional | F94: 0 | H94: 353
A95: Dupla Tributação Económica Internacional | F95: 0 | H95: 375
A96: Benefícios Fiscais | H96: 375
A97: DLRR (Dedução Lucros Retidos Reinvestidos) | E97: 0
E98: 0
E99: 0
D100: Total dos Benefícios Fiscais (sobre a colecta) | E100: =SUM(E97:E99) -> 0 | F100: =E100 -> 0
A101: 24112 Pagamento especial por conta | F101: =A!F13 -> 0 | H101: 356
E102: Total das Deduções: | F102: =SUM(F94:F101) -> 0 | H102: 357
E103: Total do IRC: | F103: =IF(F102>F85,0,F85-F102) -> 0 | H103: 358
E104: Resultado da liquidação: | F104: =F103 -> 0 | H104: 371
B105: 2412 Retenção na Fonte | F105: 0 | H105: 359
B106: 24111 Pagamento por Conta (Normais) | F106: 0 | H106: 360
B107: 24111 Pagamentos adicionais por conta | F107: 0 | H107: 374
E108: IRC: | F108: =F104-F105-F107-F106 -> 0
E110: IRC a pagar: | F110: =IF(F108>0,F108,0) -> 0 | H110: 361
E111: IRC a Recuperar: | F111: =IF(F108<0,-F108,0) -> 0 | H111: 362
B113: Reposição de benefícios fiscais
B114: Reposição da DLRR (Dedução Lucros Retidos Reinvestidos) | E114: =A!H52 -> 0
E115: 0
E116: 0
D117: Total das Reposições de benefícios fiscais | E117: =SUM(E114:E116) -> 0 | F117: =E117 -> 0 | H117: 372
B118: Derrama | D118: =IF(F59<0,0,F59) -> 0 | E118: 0.015 | F118: =D118*E118 -> 0 | H118: 364
B119: Autónomas | F119: =A!G117 -> 0 | H119: 365
...
